AoeStats
← Kaiser Ze

Hideout

509047317Analyzed
1v1 RM · 8d ago on Sep 25, 2026· 31m 37s· 2 players
Game mode
Random Map
Map size
Tiny (2 player)
Population
200
Speed
Normal
Resources
Standard
Victory
Conquest
Starting age
Dark Age
Ending age
Imperial Age
RankedLock teamsTeams togetherTeam positionsShared explorationLock speedFull tech treeHidden civsTurbo modeCheats
Victory
Defeat
🇨🇳 Danes · China
1305
+17
🇺🇸 Teutons · United States
1320
-17
Kaiser Ze
4:50 Loom
10:35 Feudal Age
14:09 Fletching
19:08 Castle Age
19:54 Double-Bit Axe
25:32 Squires
25:18 Gambesons
25:22 Arson
32:13 Forging
smittens
6:11 Loom
9:12 Feudal Age
9:43 Double-Bit Axe
16:20 Horse Collar
17:04 Padded Archer Armor
18:31 Fletching
20:59 Scale Barding Armor
24:41 Bloodlines
27:25 Castle Age
25:20 Gold Mining
26:32 Stone Mining
26:57 Forging
28:44 Bow Saw
Connection lost

Rejoining the realm…

Still unreachable

The connection could not be restored.

Session expired

The server has moved on; the page needs a fresh start.